[Event "CCT Final-RR 2024"]
[Site "Oslo"]
[Date "2024.12.18"]
[Round "6"]
[White "Carlsen, Magnus"]
[Black "Aronian, Levon"]
[Result "1-0"]
[ECO "B92"]
[WhiteElo "2831"]
[BlackElo "2747"]
[Annotator "TA"]
[PlyCount "133"]
[EventDate "2024.12.11"]
[EventType "tourn"]
[EventCountry "NOR"]
[SourceTitle "playchess.com"]
[Source "ChessBase"]
[SourceQuality "1"]
[TimeControl "600+2"]

1. e4 c5 2. Nf3 d6 3. d4 cxd4 4. Nxd4 Nf6 5. Nc3 a6 6. Be2 e5 7. Nb3 Be7 8. Bg5 Be6 9. Bxf6 Bxf6 10. Qd3 O-O 11. O-O-O Be7 12. Nd5 Bxd5 13. Qxd5 Qb6 14. Rhf1 Nd7 15. Nd2 Bg5 16. Kb1 Nf6 17. Qb3 Qc7 18. Nc4 b5 19. Nxd6 Rad8 20. Qa3 Qc6 21. f3 g6 22. c4 b4 23. Qxb4 Be3 24. Nb7 Rb8 25. Na5 Qc7 26. Qa4 Rb6 27. Nb3 Bc5 28. Nxc5 Qxc5 29. Rd2 Rfb8 30. Rfd1 Kg7 31. Rc2 a5 (31... Rb4 $16 32. Qxa6 R8b6) 32. a3 h5 (32... R6b7 $16 33. Rd3 Qg1+ 34. Ka2 Qc5) 33. h4 $18 Rb3 34. Ka2 Qb6 $2 (34... R3b7 35. Rdd2 Rb6) 35. Rdd2 $18 Nd7 36. Qxd7 Rxa3+ 37. Kb1 $1 Qb3 38. Rd3 Qa2+ 39. Kc1 Qa1+ 40. Kd2 Ra2 41. b3 $2 (41. Ra3 $18) 41... a4 $16 42. Rxa2 $1 Qxa2+ 43. Ke3 axb3 44. Qc7 (44. Qe7 $18 b2 45. Qxe5+ Kh7 46. Rd7) 44... b2 $16 45. Qxe5+ (45. Qxb8 b1=Q (45... b1=B $2 46. Qxe5+ Kh7 47. Rd8 $18) 46. Qxe5+ Kh7 $15) 45... Kh7 46. Rd7 $1 Rf8 (46... b1=R 47. Rxf7+ Kh6 48. Qg7#) 47. Bd3 b1=Q 48. Bxb1 Qxb1 {[%emt 0:00:00] [#]} 49. Kf2 $1 Qc2+ (49... Qa2+ $142 50. Kg3 Qxc4) 50. Kg3 $18 Qxc4 51. Qd5 Qxd5 52. exd5 (52. Rxd5 Ra8 $14) 52... Kg7 53. Kf4 Re8 54. Ra7 Re2 55. g4 hxg4 $2 (55... Rd2 {keeps fighting.} 56. Ke4 Rh2) 56. fxg4 $18 Kf8 57. d6 Ke8 {[%emt 0:00:02] [#]} 58. Kg5 $2 (58. Ra4 $1 $18 {[%cal Ra4e4] is the precise move to win. White wants to mate with Re4+.} Kd7 59. Kg5) 58... Re4 $2 (58... Rg2 $16) 59. Ra8+ $18 Kd7 60. Rf8 f5 61. gxf5 (61. Kxg6 Rxg4+ 62. Kf6 (62. Kxf5 Rxh4 63. Ke5 Rh5+ 64. Rf5 Rxf5+ 65. Kxf5 Kxd6 $11) 62... Rxh4 $11) 61... gxf5 62. h5 Kxd6 63. h6 $1 (63. Rxf5 Ke6 $11) 63... Rg4+ 64. Kh5 Rg2 65. h7 ({And not} 65. Rxf5 Ke6 66. Rf8 Rh2+ 67. Kg4 Rxh6 $11) 65... Rh2+ 66. Kg6 f4 67. h8=Q 1-0

[Event "CCT Final-RR 2024"]
[Site "Oslo"]
[Date "2024.12.18"]
[Round "6"]
[White "Firouzja, Alireza"]
[Black "Vachier-Lagrave, Maxime"]
[Result "1-0"]
[ECO "A09"]
[WhiteElo "2763"]
[BlackElo "2731"]
[Annotator "TA"]
[PlyCount "43"]
[EventDate "2024.12.11"]
[EventType "tourn"]
[EventCountry "NOR"]
[SourceTitle "playchess.com"]
[Source "ChessBase"]
[SourceQuality "1"]
[TimeControl "600+2"]

1. Nf3 d5 2. c4 d4 3. b4 g5 4. h3 h6 5. d3 Bg7 6. g3 e5 7. Bg2 Ne7 8. Nbd2 O-O 9. Qb3 Be6 10. Ne4 Nd7 11. g4 Ng6 {[%emt 0:00:12] [#]} 12. h4 $1 gxh4 (12... f6 13. a4) 13. g5 f5 14. gxh6 fxe4 15. Ng5 e3 16. Nxe6 $18 Qf6 (16... exf2+ $2 17. Kf1 Qe7 18. hxg7 $18 (18. Nxg7 Kh7 $18) (18. Nxf8 Bxf8 19. c5+ Kh8 $18)) 17. c5 {[%emt 0:00:59] Active counter play!} (17. Nxg7 $2 Qxf2+ (17... exf2+ $2 18. Kf1 $18) 18. Kd1 Qxg2 $19) 17... Qxf2+ 18. Kd1 Bxh6 $2 (18... Kh7 19. Bxb7 (19. hxg7 Qxg2 20. gxf8=N+ Ndxf8 $11) 19... Bxh6) 19. Nxf8+ (19. Be4 Kh7 20. c6 bxc6 21. Nxf8+ (21. Qc4 $2 Nf6 $17) 21... Rxf8 $19) 19... Kxf8 20. Rf1 (20. Bxb7 $2 {too greedy.} Nf4 21. Re1 Re8 $19) 20... Qxf1+ 21. Bxf1 Ke7 {[%emt 0:00:00] Wards off Qe6+} 22. Bh3 1-0

[Event "CCT Final-RR 2024"]
[Site "Oslo"]
[Date "2024.12.18"]
[Round "6"]
[White "Nepomniachtchi, Ian"]
[Black "Keymer, Vincent"]
[Result "1-0"]
[ECO "C50"]
[WhiteElo "2755"]
[BlackElo "2733"]
[Annotator "TA"]
[PlyCount "127"]
[EventDate "2024.12.11"]
[EventType "tourn"]
[EventCountry "NOR"]
[SourceTitle "playchess.com"]
[Source "ChessBase"]
[SourceQuality "1"]
[TimeControl "600+2"]

1. e4 e5 2. Nf3 Nc6 3. Bc4 Nf6 4. d3 Bc5 5. Nc3 h6 6. a3 d6 7. Na4 Bb6 8. O-O O-O 9. h3 Re8 10. Re1 Nd4 11. Nxd4 Bxd4 12. c3 Bb6 13. Nxb6 axb6 14. Bb3 Be6 15. Bc2 d5 16. Qf3 dxe4 17. dxe4 Nd7 18. Qg3 Qf6 19. f4 Nc5 20. fxe5 Qg6 21. Qxg6 fxg6 22. Be3 Bb3 23. Bxb3+ Nxb3 24. Rad1 Rxe5 (24... Re7 $11) 25. Rd7 $14 Rxe4 26. Bf2 $1 (26. Rxc7 Rae8 27. Rf1 Rxe3 $11) 26... Rxe1+ 27. Bxe1 Rc8 28. Bg3 Nc5 29. Re7 (29. Rxc7 $14 Rxc7 30. Bxc7) 29... Kf8 $1 $11 30. Rxc7 Rxc7 31. Bxc7 Nd3 $1 32. b3 b5 33. Kf1 Ke7 34. Bb6 g5 35. Be3 Ke6 36. Ke2 Nf4+ (36... Ne5 $11 {should be considered.}) 37. Kf3 $1 $14 Nd5 38. Bd4 g6 39. g3 Ne7 40. Ke4 Nc6 41. Bg7 h5 42. Bh6 g4 43. hxg4 hxg4 44. a4 bxa4 45. bxa4 Ne5 (45... Ne7 $11) 46. Bf4 Nc6 $1 47. Be3 (47. Bc7 $14) 47... Ne7 $1 $11 48. c4 Nc6 49. Bf4 Na5 50. Kd4 Nb3+ $1 51. Kc3 Nc5 52. a5 g5 53. Bb8 (53. Bxg5 $2 Ne4+ 54. Kd4 Nxg5 $19) 53... Na6 $2 (53... Kd7 $11) 54. Ba7 $18 Nc7 55. Kd4 Ne8 $2 (55... Na6 56. Bb6 Kd6) 56. Bb8 $18 Ng7 $2 (56... Kd7 57. Ke5 Kc8) 57. Kc5 $18 Kd7 58. Be5 Nf5 {[%emt 0:00:01] [#]} 59. Kb6 $2 (59. Kb5 $1 $18 {is the precise move to win. and c5 would now be decisive} Ne3 60. c5) 59... Kc8 $16 60. c5 Ne7 $2 (60... Ne3 $16 61. Kb5 Nf1) 61. c6 Nxc6 {[%emt 0:00:05] [#]} 62. a6 $1 bxa6 63. Kxc6 a5 64. Kb5 1-0

[Event "CCT Final-RR 2024"]
[Site "Oslo"]
[Date "2024.12.18"]
[Round "6"]
[White "Aronian, Levon"]
[Black "Carlsen, Magnus"]
[Result "1/2-1/2"]
[ECO "B40"]
[WhiteElo "2747"]
[BlackElo "2831"]
[Annotator "TA"]
[PlyCount "116"]
[EventDate "2024.12.11"]
[EventType "tourn"]
[EventCountry "NOR"]
[SourceTitle "playchess.com"]
[Source "ChessBase"]
[SourceQuality "1"]
[TimeControl "600+2"]

1. e4 c5 2. Nf3 e6 3. d3 Nc6 4. g3 g6 5. Bg5 f6 6. Be3 d5 7. exd5 exd5 8. d4 c4 9. Bg2 Bd6 10. O-O Nge7 11. Bh6 Nf5 {[%emt 0:00:28] Wards off Bg7} 12. Re1+ Kf7 13. Bd2 h5 (13... Re8 $14 {is more appropriate.}) 14. Nc3 $16 Nce7 15. b3 cxb3 16. axb3 Bd7 17. Qe2 {[%emt 0:00:37] White is more active.} a6 18. Na4 Rc8 (18... Re8 $142) 19. c4 Re8 20. c5 (20. Qd1 Nc6 21. Nc5 Rxe1+ 22. Bxe1 Bxc5 23. dxc5 d4 24. b4) 20... Bc7 21. Nc3 Nc6 22. Qd3 Nb4 23. Rxe8 Qxe8 24. Qb1 Ne7 25. Nh4 Be6 (25... Kg7 $11) 26. Ne2 Nbc6 27. b4 Qd7 28. Be3 Rh8 29. Nc3 Bh3 $2 {[%emt 0:00:27][%mdl 8192] [#]} (29... g5 $11 30. Nf3 Kg7) 30. Bxd5+ $2 Kg7 {[%emt 0:00:21] [#]} 31. Be4 (31. Bxc6 $142 $1 bxc6 32. Rxa6) 31... Nxd4 32. Bxb7 (32. Ra2 $14 Ndf5 33. Rd2 (33. Bxb7 Nxh4 34. gxh4 Be5 $17)) 32... Rb8 (32... Be5 $5 33. Be4 (33. Bxa6 g5 $11) 33... Rd8 $11) 33. Be4 {[%emt 0:00:02] Some like it hot} Be5 $2 (33... g5 $11 {and Black has nothing to worry.}) 34. Bxg6 $2 {[%emt 0:00:18] [#]} ({White must play} 34. Rxa6 $18 {[%cal Oe3d4] Bxd4! is the strong threat.} g5 35. f4 Ne2+ 36. Nxe2 Rxb4 37. Qc2 Rxe4 38. fxe5 (38. Qxe4 $2 Qd1+ 39. Kf2 Qf1#) 38... Rxe5 39. Bd4 gxh4 40. Bxe5 fxe5 41. Qe4 (41. gxh4 Qb7 $17)) 34... Ndc6 $1 $17 35. Ra3 (35. b5 $2 Bxc3 36. Rxa6 Rxb5 $19) 35... Rxb4 36. Qd3 {[%emt 0:00:01] [#]} Rxh4 $1 37. Qxd7 Bxd7 38. gxh4 (38. Be4 $142 Rg4 39. f3 Rxe4 40. Nxe4) 38... Kxg6 39. Ne4 a5 40. Bd2 Bd4 (40... Nd4 $142 {Threatens to win with ...Bc6.} 41. Bxa5 Nef5) 41. Bxa5 Nxa5 42. Rxa5 Nc6 {[%emt 0:00:01] Prevents Ra7} 43. Ra6 $1 Kf5 {[%emt 0:00:04][%mdl 1024] Black has compensation.} 44. Ng3+ Kg6 45. Ne2 (45. Ne4 $11 {remains equal.}) 45... Bxc5 46. Nf4+ Kh6 47. Kg2 Bd6 48. Nd5 Kg6 49. f3 Kf7 50. Nb6 Be8 51. Nc4 Bf4 52. Ra3 Nd4 53. Ra5 {[%emt 0:00:03] Inhibits Nf5.} (53. Ne3 $17 {might work better.}) 53... Bc6 54. Kf2 (54. Ra3 $142) 54... Bxf3 {[%emt 0:00:04][%cal Of7g6] A strong pair of Bishops.} 55. Ne3 (55. Ra7+ $142 Ke6 56. Ra6+ Kf5 57. Ne3+ Ke4 58. Nf1) 55... Bxe3+ 56. Kxe3 Nc6 57. Rc5 Ne5 58. Rc3 Bd5 1/2-1/2

[Event "CCT Final-RR 2024"]
[Site "Oslo"]
[Date "2024.12.18"]
[Round "6"]
[White "So, Wesley"]
[Black "Lazavik, Denis"]
[Result "0-1"]
[ECO "B33"]
[WhiteElo "2747"]
[BlackElo "2578"]
[Annotator "TA"]
[PlyCount "96"]
[EventDate "2024.12.11"]
[EventType "tourn"]
[EventCountry "NOR"]
[SourceTitle "playchess.com"]
[Source "ChessBase"]
[SourceQuality "1"]
[TimeControl "600+2"]

1. e4 c5 2. Nf3 Nc6 3. d4 cxd4 4. Nxd4 Nf6 5. Nc3 e5 6. Ndb5 d6 7. Nd5 Nxd5 8. exd5 Nb8 9. Qf3 a6 {[%emt 0:00:15] B33: Sicilian: Pelikan and Sveshnikov Variations.} 10. Qa3 Be7 11. Bd2 O-O 12. Bb4 axb5 13. Qxa8 Na6 14. Bd2 Bg5 15. Bxg5 Qxg5 16. Bxb5 $146 (16. a3 $17 {keeps fighting.} Qg6) ({Predecessor:} 16. Qa7 Nb4 17. Kd1 Bg4+ 18. f3 Bf5 19. Rc1 Nxd5 20. Qf2 Ne3+ 21. Ke2 Nxc2 22. Rd1 Be6 23. b3 Ra8 {0-1 Lagerman,R (2361)-Alvarado Sepulveda,N (2281) Santo Domingo op 2005 (4)}) 16... Qxg2 17. O-O-O Qxf2 $2 (17... Bf5 $1 $19 18. Qxb7 Nc5) 18. Rd2 $1 $15 Qf4 19. Rf1 {[%emt 0:00:59] [#]} (19. Bxa6 $1 $11 {keeps the balance.} bxa6 20. Qa7) 19... Qh6 $1 $17 20. Bxa6 bxa6 21. Qa7 f5 22. Rg1 f4 23. Kb1 $2 {[%emt 0:00:15] [#]} (23. Rf2 $17) 23... e4 $1 $19 24. Rd4 Bf5 (24... Qxh2 25. Qxg7#) 25. Rb4 e3 (25... Qxh2 26. Qxg7#) 26. Rb7 $2 (26. Rxf4 $17 {is the only way for White.} Bxc2+ 27. Kxc2 Rxf4 (27... Qxf4 28. Qxg7#) (27... Qxh2+ 28. Kb3 $15) 28. Qxe3) 26... g6 $19 ({Not} 26... Qxh2 27. Rbxg7+ Kh8 28. Rg8+ (28. Qxa6 $2 Qxc2+ 29. Ka1 e2 $19) 28... Rxg8 29. Qd4+) 27. Re7 Qxh2 28. Rc1 Qh6 29. a4 g5 30. Qxa6 Qf6 $2 (30... g4 31. Qb6 Qf6) 31. Qa7 $2 (31. Qb7) 31... g4 $19 32. Rf1 Bg6 (32... g3 $142 33. Rg1 Qg6) 33. Rxe3 $19 f3 34. Rg1 $2 (34. a5 $17) 34... f2 35. Rf1 Rf7 $2 (35... Qf4 36. Rc3 g3 37. Rxg3 Qxg3) 36. Qb6 $2 (36. Qb8+ Rf8 37. Qb4) 36... Kg7 $2 (36... Qf4 {[%cal Og4g3] aiming for ...g3!} 37. Re8+ Kg7) 37. a5 $2 (37. Qb4 h5 38. a5) 37... Qf4 $19 38. Qb3 h5 39. Qc3+ Kh6 40. Re6 g3 41. Qh8+ Kg5 42. Qd8+ Rf6 43. Rd1 f1=R ({Stronger than} 43... f1=B 44. Qxf6+ Qxf6 45. Rxf6 $16) 44. Rxf1 Qxf1+ 45. Ka2 g2 46. Qxd6 Rxe6 ({And not} 46... g1=B 47. Qg3+ Kh6 48. Rxf6 Qxf6 49. Qxg1 $15) 47. dxe6 g1=Q 48. Qe5+ Qf5 0-1

[Event "CCT Final-RR 2024"]
[Site "Oslo"]
[Date "2024.12.18"]
[Round "6"]
[White "Keymer, Vincent"]
[Black "Nepomniachtchi, Ian"]
[Result "0-1"]
[ECO "D05"]
[WhiteElo "2733"]
[BlackElo "2755"]
[Annotator "TA"]
[PlyCount "66"]
[EventDate "2024.12.11"]
[EventType "tourn"]
[EventCountry "NOR"]
[SourceTitle "playchess.com"]
[Source "ChessBase"]
[SourceQuality "1"]
[TimeControl "600+2"]

1. d4 Nf6 2. Nf3 d5 3. e3 e6 4. Nbd2 b6 5. b3 Bb7 6. Bb2 Be7 7. Bd3 O-O 8. O-O Nbd7 9. a4 c5 10. Qe2 Ne4 11. Rfd1 Rc8 12. c4 cxd4 13. exd4 Nxd2 14. Rxd2 Qc7 15. Qe3 Rfd8 16. Rc2 (16. a5 {looks sharper.} dxc4 17. bxc4 bxa5 18. Ng5) 16... Qb8 17. h3 Bf6 18. a5 dxc4 19. bxc4 Nf8 20. Ng5 (20. Ne5 $14) 20... Ng6 (20... b5 $11 21. a6 (21. cxb5 Rxc2 22. Bxc2 h6 $11) 21... Ba8) 21. axb6 axb6 22. Ne4 Bxe4 23. Bxe4 Qd6 24. Rd1 Qb4 25. Bd3 Ne7 26. Bc3 {[%emt 0:00:17] This pair of bishops is nice.} Qa4 27. g4 {[%emt 0:00:45] Prevents Nf5} Rxc4 (27... g6 {feels stronger.}) 28. Qe4 $2 (28. Ra1 $11 Qc6 (28... Qb3 29. g5 $16) 29. Bxc4 Qxc4 30. Qg3) 28... Rxc3 $19 29. Qxh7+ Kf8 {[%emt 0:00:03] and ...Ng6 would now be decisive} 30. Rxc3 Qxd1+ 31. Kg2 Qd2 32. Rc7 {[%emt 0:00:30] Hoping for Qh8+.} Qh6 (32... Rxd4 33. Qh8+ Ng8 34. Bh7 $15) 33. Qe4 (33. Qxh6 $142 gxh6 34. Bh7) 33... Nd5 (33... Rxd4 $2 {is the wrong capture.} 34. Qa8+ $18) 0-1

[Event "CCT Final-RR 2024"]
[Site "Oslo"]
[Date "2024.12.18"]
[Round "6"]
[White "Vachier-Lagrave, Maxime"]
[Black "Firouzja, Alireza"]
[Result "1/2-1/2"]
[ECO "C42"]
[WhiteElo "2731"]
[BlackElo "2763"]
[Annotator "TA"]
[PlyCount "143"]
[EventDate "2024.12.11"]
[EventType "tourn"]
[EventCountry "NOR"]
[SourceTitle "playchess.com"]
[Source "ChessBase"]
[SourceQuality "1"]
[TimeControl "600+2"]

1. e4 e5 2. Nf3 Nf6 3. Nxe5 d6 4. Nf3 Nxe4 5. d4 d5 6. Bd3 Be7 7. O-O Bf5 8. c4 Nc6 9. Nc3 Nxc3 10. bxc3 Bxd3 11. Qxd3 dxc4 12. Qxc4 O-O 13. Rb1 Bd6 14. Qd3 b6 15. Ng5 g6 16. Qh3 h5 17. g4 Be7 18. Rb5 Qd7 19. gxh5 Qxh3 20. Nxh3 a6 21. Rd5 Rad8 22. Rxd8 Rxd8 23. hxg6 fxg6 24. Re1 Kf7 25. Nf4 Bd6 26. Ne6 Rh8 27. Bf4 Bxf4 28. Nxf4 Nd8 29. Kg2 g5 30. Nd3 Kf6 31. f4 Ne6 32. fxg5+ Nxg5 33. Re3 Ne6 34. d5 ({White should try} 34. Rf3+ $16 Ke7 35. Ne5 Rg8+ 36. Kf2) 34... Ng7 35. Re4 Nf5 36. Re6+ Kg5 37. Ne5 (37. Nf2 $1 $14) 37... Ne3+ $11 38. Kf3 Nxd5 39. Nf7+ $1 Kf5 40. Re5+ Kf6 41. Rxd5 Kxf7 42. Kg3 Ke6 43. Rd4 c5 44. Ra4 Rg8+ 45. Kf3 Rh8 46. h4 a5 47. Re4+ Kf5 48. a4 Rd8 49. Rf4+ Kg6 50. Kg4 Rd6 51. Re4 Kh6 52. Kf5 Rd3 53. Rc4 Kh5 54. Ke4 Rd1 55. Ke3 Rd8 56. Rf4 Rd6 57. Ke4 Rd1 58. Ke5 Rd2 59. Rf6 Rb2 $1 60. Kd5 Kxh4 61. Kc4 Kg5 62. Rf1 Kg4 63. Kd5 Rb3 64. Rc1 Kf4 65. Kc4 Rb2 66. Re1 Kf5 67. Kd5 Rb3 68. c4 Rb4 69. Rf1+ Kg5 70. Kc6 Rxa4 71. Kxb6 Rxc4 72. Kxa5 1/2-1/2

[Event "CCT Final-RR 2024"]
[Site "Oslo"]
[Date "2024.12.18"]
[Round "6"]
[White "Lazavik, Denis"]
[Black "So, Wesley"]
[Result "1/2-1/2"]
[ECO "D63"]
[WhiteElo "2578"]
[BlackElo "2747"]
[Annotator "TA"]
[PlyCount "72"]
[EventDate "2024.12.11"]
[EventType "tourn"]
[EventCountry "NOR"]
[SourceTitle "playchess.com"]
[Source "ChessBase"]
[SourceQuality "1"]
[TimeControl "600+2"]

1. d4 Nf6 2. c4 e6 3. Nf3 d5 4. Nc3 Nbd7 5. Bg5 h6 6. Bh4 Be7 7. e3 O-O 8. Rc1 a6 9. cxd5 exd5 10. Bd3 Re8 11. O-O c6 12. Bg3 Nh5 {[%emt 0:00:12] [#]} (12... Bf8 $11 {keeps the balance.}) 13. Nxd5 $1 $16 {[%emt 0:00:05][%mdl 512] White is more active.} Nxg3 (13... cxd5 $2 {perishes.} 14. Bc7 $18) 14. Nxe7+ {[%emt 0:00:02] White is better.} Qxe7 15. hxg3 ({Much worse is} 15. fxg3 $6 Qxe3+ 16. Kh1 Qe7 $14) 15... Nf6 16. Qc2 Be6 17. Bc4 Nd5 18. a3 Rad8 19. Rfe1 Nc7 20. Bxe6 Nxe6 21. Rcd1 Ng5 22. Nxg5 hxg5 23. Qb3 ({White should try} 23. g4 $16) 23... Rd7 24. d5 ({White should play} 24. g4 $16) 24... cxd5 $14 25. Rxd5 Qe6 26. Rd3 (26. Red1 $16) 26... Qxb3 $11 27. Rxb3 {[%emt 0:00:01][%mdl 4096] Endgame. KRR-KRR} Rc8 {[%emt 0:00:01] Wards off Rc1} 28. Rc3 Rxc3 29. bxc3 {[%emt 0:00:01] KR-KR} Kf8 30. a4 Ke7 (30... Rc7 $11) 31. Kf1 $14 Rc7 32. Rb1 Ke8 33. Ke2 (33. Rb3 $1 $14) 33... Rxc3 $11 {[%emt 0:00:02] The position is equal.} 34. Rxb7 Rc4 35. Rb8+ Ke7 36. Rb7+ Ke8 {[%emt 0:00:01] Weighted Error Value: White=0.15 (very precise) /Black=0.16 (very precise) .  Mistake:       	White=4     	Black=2      Inaccurate:     	---       	Black=1      OK:         	White=5     	Black=12     Best:        	White=2     	Black=1      Brilliant:      	White=1     	---} 1/2-1/2

[Event "CCT Final-RR 2024"]
[Site "Oslo"]
[Date "2024.12.19"]
[Round "7"]
[White "Carlsen, Magnus"]
[Black "Lazavik, Denis"]
[Result "1-0"]
[ECO "B30"]
[WhiteElo "2831"]
[BlackElo "2578"]
[Annotator "TA"]
[PlyCount "111"]
[EventDate "2024.12.11"]
[EventType "tourn"]
[EventCountry "NOR"]
[SourceTitle "playchess.com"]
[Source "ChessBase"]
[SourceQuality "1"]
[TimeControl "600+2"]

1. e4 c5 2. Nf3 Nc6 3. Bb5 e6 4. Bxc6 bxc6 5. b3 f6 6. O-O Nh6 7. c3 Nf7 8. d4 cxd4 9. cxd4 c5 10. d5 Bd6 11. Na3 Ba6 12. Nc4 Bxc4 13. bxc4 O-O 14. Rb1 Qc7 15. Be3 Rab8 16. Qd3 Rxb1 17. Rxb1 Rb8 18. Rb3 Rb6 19. g3 Ne5 20. Nxe5 Bxe5 21. Kg2 Rxb3 22. axb3 $14 {[%emt 0:00:01][%mdl 4096] Endgame KQB-KQB} h6 23. f4 Bd6 24. dxe6 dxe6 25. f5 exf5 26. Qd5+ Kh8 27. exf5 Bf8 28. Kh3 Qe7 29. Bf4 Qe2 30. Qe6 {[%emt 0:00:25] Active counter play!} Qh5+ 31. Kg2 Qd1 32. Qf7 Qe2+ 33. Kh3 Be7 34. Qe6 Qxe6 35. fxe6 $11 {[%emt 0:00:01] Kg4 is the strong threat. KB-KB} Kh7 36. g4 g5 37. Bb8 Kg6 38. Kg2 f5 39. h3 (39. gxf5+ {simplifies} Kxf5 40. Bxa7 Kxe6 41. Kf3) 39... fxg4 40. hxg4 Kf6 {[%emt 0:00:01] Prevents Be5+} 41. Bxa7 Kxe6 42. Kf3 Ke5 43. Ke3 Bd6 44. Bb6 Ke6 45. Ke4 Be7 46. Ba5 Bf6 47. Bd2 Bg7 $2 {[%emt 0:00:04] [#]} (47... Be7 $11) 48. b4 $1 $18 cxb4 49. Bxb4 Be5 $2 (49... Kf7 $18 50. Kd5 Bf6) 50. Bf8 Bf4 51. Bxh6 Kd6 52. Bf8+ Kc6 53. Kf5 Be3 54. Be7 Bd2 55. Bxg5 Bb4 56. Be3 1-0

[Event "CCT Final-RR 2024"]
[Site "Oslo"]
[Date "2024.12.19"]
[Round "7"]
[White "Firouzja, Alireza"]
[Black "Keymer, Vincent"]
[Result "1/2-1/2"]
[ECO "A07"]
[WhiteElo "2763"]
[BlackElo "2733"]
[Annotator "TA"]
[PlyCount "190"]
[EventDate "2024.12.11"]
[EventType "tourn"]
[EventCountry "NOR"]
[SourceTitle "playchess.com"]
[Source "ChessBase"]
[SourceQuality "1"]
[TimeControl "600+2"]

1. Nf3 d5 2. b3 Nf6 3. Bb2 Bf5 4. g3 e6 5. Bg2 h6 6. O-O Be7 7. d3 O-O 8. Nbd2 c6 9. Re1 Bh7 10. e4 a5 11. a4 Nbd7 12. exd5 Nxd5 13. Nc4 Bb4 14. Nfd2 Qc7 15. Qc1 Nc3 16. Ne3 Rae8 17. Nd1 Nd5 18. Re2 (18. Ne3 $11) 18... e5 19. Nc4 f5 20. Ba3 (20. c3 $142 Bc5 21. d4) 20... f4 $17 21. Bxb4 axb4 (21... Nxb4 22. Rd2 $17) 22. Re1 N7f6 (22... Nc5 $19 {Threatens to win with ...e4.} 23. a5 e4 24. dxe4 Bxe4 (24... Nxe4 25. Ndb2 $17)) 23. Nd2 Qb6 24. a5 Qc5 25. Ne4 {[%emt 0:01:23] Inhibits Nc3.} Bxe4 (25... Nxe4 $17 26. dxe4 Nc3 27. Nxc3 fxg3 (27... Qxc3 $2 28. Bf1 $19) (27... bxc3 28. Qa3 $15) 28. hxg3 Qxf2+ (28... Qxc3 29. Re3 $14) 29. Kh2 bxc3) 26. dxe4 $15 Nc3 (26... Nc7 $15 27. Nb2 fxg3 28. hxg3 Nb5) 27. Nxc3 $11 Qxc3 28. gxf4 exf4 29. Qxf4 Qxc2 30. Qe3 (30. e5 $11 Nh5 31. Qd4) 30... Nd5 $1 $17 (30... Ng4 31. Qe2 Qxe2 32. Rxe2) 31. Qe2 {[%emt 0:00:01] [#]} Qxb3 (31... Qc5 $1 $17 32. Qc4 Qxc4 (32... Qxf2+ 33. Kh1 $17) 33. bxc4 Nf4) 32. Rab1 $1 $11 Qc3 33. Qa2 $1 Rf7 34. Rec1 (34. Rbc1 $5 b3 $8 35. Qb1 $11 (35. exd5 Rxe1+ 36. Bf1 Qxc1 37. Qxb3 Rxf1+ 38. Kg2 R1xf2+ 39. Kh3 Qg5 40. Qg3 Qh5+ 41. Qh4 R7f3#)) 34... b3 35. Qxb3 (35. exd5 $2 bxa2 36. Ra1 Qd2 $19 (36... Qxa5 $2 37. Bf1 $19)) 35... Qxb3 36. Rxb3 Nf4 37. Re1 {[%emt 0:00:07] Against Ne2+} Re5 38. Bf1 Kh7 (38... Rxa5 39. Bc4 b5 (39... Rg5+ $2 40. Kf1 $18) 40. Bxf7+ Kxf7 41. Rc3 $14) 39. a6 bxa6 40. Bxa6 Rf6 41. Bf1 Ne6 42. Kg2 Nf4+ 43. Kg1 Ne6 44. Kg2 $1 Nd4 45. Rc3 c5 46. f3 Ne6 47. Kf2 Nf4 48. Rec1 Rc6 49. Kg3 g5 50. h4 Kg7 51. hxg5 hxg5 52. Rd1 Rc7 53. Rc2 Kf6 54. Bc4 Rh7 55. Rcd2 Rh3+ 56. Kg4 Rh4+ 57. Kg3 {[%emt 0:00:01] Active counter play!} Rh3+ 58. Kf2 (58. Kg4 $5 Rh4+ $8 59. Kg3 Rh3+ $11) 58... Rh2+ 59. Ke3 Rxd2 60. Rxd2 {[%emt 0:00:01][%mdl 4096] Endgame KRB-KRN} Ke7 {[%emt 0:00:04] Dodges Rd6} (60... Re8 $11) 61. Ra2 Kf6 62. Ra6+ Ke7 63. Kf2 {[%emt 0:00:02] Repels Ng2} Kf8 64. Kg3 Kg7 65. Kg4 Ng2 66. Ra3 {[%emt 0:00:05] Dodges Ne3+} Nf4 67. Ra7+ Kg6 68. Ra6+ Kg7 69. Ra2 Kg6 70. Rd2 Kg7 71. Bb5 Kf6 72. Rd6+ (72. Rd8 $14) 72... Kg7 ({Black should play} 72... Re6 $11 73. Rd8 Rb6) 73. Rc6 Ne6 74. Bc4 Nf4 75. Ba6 Ne6 76. Bc8 Nd4 77. Rd6 Ne2 {[%emt 0:00:02] [#]} (77... Kf7 $11 {remains equal.}) 78. Bf5 $1 $16 Nd4 79. Kxg5 Nxf5 (79... Nxf3+ $2 {perishes.} 80. Kf4 $18) 80. exf5 {[%emt 0:00:03] Rd7+ would now be deadly. KR-KR. White is a pawn up.} Kf7 81. Rd7+ $2 ({White should play} 81. Rc6 $16) 81... Re7 $11 82. Rd6 Rc7 {[%emt 0:00:01] Dodges Rc6} 83. Rh6 Kg8 $1 {[%emt 0:00:02] Prevents Rh7} 84. Rg6+ Kf8 85. Rf6+ Kg8 86. Rd6 c4 87. f6 {[%emt 0:00:03] Kg6 would kill now.} (87. Kg6 $5 Rg7+ $8 88. Kf6 $11) 87... Kf7 88. Rd2 c3 89. Rc2 Rc5+ 90. Kf4 Kxf6 91. Ke3 Kf5 92. Kd3 Rc7 93. Rxc3 Rxc3+ 94. Kxc3 Kf4 95. Kd3 Kxf3 1/2-1/2